AoeStats
← [CL] Al3jandr0.magn00

Marketplace

504355127Analyzed
1v1 RM · 27d ago on Sep 5, 2026· 50m 22s· 2 players
Game mode
Random Map
Map size
Tiny (2 player)
Population
200
Speed
Normal
Resources
Standard
Victory
Conquest
Starting age
Dark Age
Ending age
Imperial Age
RankedLock teamsTeams togetherTeam positionsShared explorationLock speedFull tech treeHidden civsTurbo modeCheats
Victory
Defeat
🇦🇷 Bohemians · Argentina
1891
+12
🇷🇺 Japanese · Russia
1797
-12
Eli
2:17 Loom
10:52 Feudal Age
14:41 Castle Age
22:36 Double-Bit Axe
26:17 Town Watch
27:12 Wheelbarrow
28:45 Fletching
30:18 Bodkin Arrow
31:07 Horse Collar
34:27 Forging
40:07 Imperial Age
39:19 Scale Mail Armor
39:51 Redemption
40:02 Sanctity
39:50 Atonement
41:18 Block Printing
41:39 Theocracy
41:15 Fervor
41:31 Illumination
41:35 Elite Skirmisher
42:55 Heavy Plow
43:25 Bracer
45:21 Padded Archer Armor
46:13 Ballistics
[CL] Al3jandr0.magn00
4:50 Loom
9:22 Feudal Age
13:37 Double-Bit Axe
13:33 Horse Collar
18:50 Castle Age
23:03 Town Watch
23:40 Fervor
29:09 Wheelbarrow
33:14 Hand Cart
34:03 Chemistry
33:54 Bow Saw
33:24 Horse Collar
40:11 Imperial Age
43:13 Conscription
42:51 Fletching
43:01 Padded Archer Armor
49:13 Elite Hussite Wagon
49:53 Bodkin Arrow
50:13 Leather Archer Armor
Connection lost

Rejoining the realm…

Still unreachable

The connection could not be restored.

Session expired

The server has moved on; the page needs a fresh start.